 Dungeon Crawl Stone Soup version 0.31.0-4-g52a2dc7128 (webtiles) character file.

Game seed: 2267513737874353532

4606 shadowrider38 the Cleaver (level 10, -3/90 HPs)
             Began as a Minotaur Fighter on Jan 22, 2024.
             Killed by vampiric draining
             ... invoked by a vampire
              (15 damage)
             ... on level 9 of the Dungeon.
             The game lasted 00:04:22 (8370 turns).

shadowrider38 the Cleaver (Minotaur Fighter)        Turns: 8370, Time: 00:04:22

Health: -3/90      AC: 16    Str: 26    XL:     10   Next: 19%
Magic:  9/9        EV:  7    Int:  5    God:
Gold:   265        SH:  5    Dex:  9    Spells: 9/9 levels left

rFire   . . .        a - +0 war axe
rCold   . . .        c - +0 buckler
rNeg    . . .        k - +0 plate armour
rPois   +            s - +1 hat
rElec   .            (no cloak)
rCorr   .            (no gloves)
SInv    .            q - +0 pair of boots
Will    +....        (no amulet) Stlth
                     m - ring of willpower
HPRegen 0.35/turn    o - ring of poison resistance
MPRegen 0.11/turn

%: no passive effects
@: studying Maces & Flails
A: horns 2, retaliatory headbutt
a: no special abilities


You were on level 9 of the Dungeon.
You visited 2 branches of the dungeon, and saw 10 of its levels.

You collected 322 gold pieces.
You spent 57 gold pieces at shops.

Inventory:

Hand Weapons
 a - a +0 war axe (weapon)
 b - a +0 morningstar
Missiles
 t - 9 boomerangs (quivered)
 J - 3 atropa-tipped darts
Armour
 c - a +0 buckler (worn)
 k - a +0 plate armour (worn)
 q - a +0 pair of boots (worn)
 s - a +1 hat (worn)
Jewellery
 m - a ring of willpower (left hand)
 o - a ring of poison resistance (right hand)
Wands
 D - a wand of digging (7)
 V - a wand of flame (22)
Scrolls
 e - a scroll of immolation
 f - a scroll of enchant weapon {unknown}
 j - a scroll of revelation {unknown}
 l - a scroll of summoning {unknown}
 u - a scroll of vulnerability {unknown}
 v - a scroll of amnesia
 B - 2 scrolls of blinking
 R - 5 scrolls of identify
 T - a scroll of teleportation
Potions
 d - 2 potions of might
 g - 2 potions of brilliance
 h - a potion of enlightenment
 i - 2 potions of lignification
 n - a potion of heal wounds
 p - a potion of attraction
 Q - 2 potions of curing


   Skills:
 + Level 8.8 Fighting
 * Level 11.5 Axes
 + Level 8.8 Armour
 + Level 8.8 Shields


You had 9 spell levels left.
You didn't know any spells.
Your spell library contained the following spells:

 Spells                   Type           Power      Damage    Failure   Level
 Apportation              Tloc           0%         N/A       99%         1
 Necrotise                Necr           0%         1d4       99%         1
 Sting                    Conj/Alch      0%         1d3       99%         1
 Summon Small Mammal      Summ           0%         N/A       99%         1
 Cigotuvi's Dreadful Rot  Necr/Alch/Air  0%         N/A       100%        2
 Sublimation of Blood     Necr           0%         N/A       100%        2
 Dispel Undead            Necr           0%         3d6       100%        4
 Martyr's Knell           Necr/Summ      0%         N/A       100%        4
 Petrify                  Alch/Erth      0%         N/A       100%        4
 Irradiate                Conj/Alch      0%         3d11      100%        5
 Death Channel            Necr           0%         N/A       100%        6


Dungeon Overview and Level Annotations

Branches:
Dungeon (9/15) Zot: 26339  Temple (1/1) D:4 Zot: 5998    Lair (0/5) D:8
    Orc: D:9-12

Altars:
Ashenzari
Cheibriados
Dithmenos
Elyvilon
Fedhas
Gozag
Hepliaklqana
Kikubaaqudgha
Makhleb
Nemelex Xobeh
Okawaru
Qazlal
Ru
Sif Muna
Trog
Uskayaw
Vehumet
Wu Jian
Xom
Yredelemnul
Zin
The Shining One

Shops:
D:2 [   D:3 *   D:4 *   D:7 (


Innate Abilities, Weirdness & Mutations

You have a pair of horns on your head.
You reflexively headbutt those who attack you in melee.


Message History

You hit the steam dragon.
You kill the steam dragon!
The steam dragon scales are intact enough to wear.
You are engulfed in a cloud of scalding steam.
Found a scroll of amnesia.
Something hits you. Something bites you.
Something draws strength from your injuries!
Things that are here:
+0 steam dragon scales; a steam dragon corpse No target in view!
No target in view!
No target in view!
Something hits you but does no damage. You block something's attack.
Things that are here:
+0 steam dragon scales; a steam dragon corpse You barely miss something.
Your headbutt misses something. Something hits you but does no damage.
You block something's attack.
You barely miss something. Something hits you but does no damage.
Something bites you but does no damage.
You hit something. You headbutt something!
Something hits you but does no damage. Something bites you but does no damage.
You completely miss something. Something hits you. Something bites you.
Something draws strength from your injuries!
You closely miss something. Something hits you but does no damage.
Something bites you but does no damage.
You slash something! Your headbutt misses something.
Something hits you but does no damage. Something bites you.
Something draws strength from your injuries!
You closely miss something. Your headbutt misses something. Something hits you!
Something bites you but does no damage.
You closely miss something. Your headbutt misses something.
Something hits you but does no damage. Something bites you but does no damage.
You hit something but do no damage. You headbutt something.
Something hits you but does no damage. Something bites you but does no damage.
You miss something. Your headbutt misses something. You barely miss something.
Your headbutt misses something. Something hits you but does no damage.
Something bites you but does no damage.
You hit something but do no damage. Something hits you!
* * * LOW HITPOINT WARNING * * *
Something completely misses you.
You closely miss something. Something hits you.
* * * LOW HITPOINT WARNING * * *
Something bites you!
* * * LOW HITPOINT WARNING * * *
Something draws strength from your injuries!
You hit something. Something hits you.
* * * LOW HITPOINT WARNING * * *
Something bites you but does no damage.
You hit something but do no damage. You headbutt something.
Something draws life force from you!
You die...

######## .... .......#
.##.. ..<....##.##.#
..........##.#
.........###.#
..(..........#
#####........###########
######.#####............
.......# ###....@{#####
......## #...####.#
.....## #.### #.#
.....## ##.# #?? .#....#
#..# ###. ....#.# #.##
.. ..###.###.# ..
..###.##..# ...
...##....## ...


There were no monsters in sight!

Vanquished Creatures
  Pikel (D:6)
  Maggie (D:6)
  2 trolls (D:9)
  Prince Ribbit (D:6)
  3 steam dragons
  3 water moccasins
  A black bear (D:5)
  An orc warrior (D:8)
  3 centaurs
  3 phantoms (D:6)
  4 lemures (D:6)
  Blork the orc (D:6)
  2 kobold brigands (D:8)
  4 bullfrogs
  4 wights
  4 howler monkeys
  4 orc priests
  A bombardier beetle (D:5)
  2 gnoll boudas
  4 hounds
  A jelly (D:6)
  13 orc wizards
  2 sleepcaps
  3 iguanas
  5 adders
  8 gnolls
  2 shadow imps (D:5)
  2 ufetubi (D:5)
  5 ribbon worms
  2 dart slugs
  44 orcs
  7 ball pythons
  5 endoplasms
  2 giant cockroaches
  6 hobgoblins
  11 kobolds
  6 quokkas
  A frilled lizard (D:3)
  5 goblins
  4 rats
183 creatures vanquished.

Vanquished Creatures (others)
  An orc wizard (D:8)
1 creature vanquished.

Grand Total: 184 creatures vanquished

Notes
Turn   | Place    | Note
-------+----------+-------------------------------------------
     0 | D:1      | shadowrider38 the Minotaur Fighter began the quest for the
                  | Orb.
     0 | D:1      | Reached XP level 1. HP: 19/19 MP: 0/0
    92 | D:1      | Reached XP level 2. HP: 27/27 MP: 1/1
   486 | D:1      | Reached skill level 3 in Axes
   732 | D:2      | Found Ciumo Goqy's Armour Boutique.
  1351 | D:3      | Found Tam Ruer's Assorted Antiques.
  1373 | D:3      | Reached XP level 3. HP: 33/33 MP: 2/2
  1395 | D:3      | Bought a scroll labelled COEJIA LUAS for 19 gold pieces
  1395 | D:3      | Bought a scroll labelled LAROSK ERETZ for 19 gold pieces
  1395 | D:3      | Bought a scroll labelled VOUDEIDD COESH for 19 gold pieces
  1943 | D:4      | Reached XP level 4. HP: 40/40 MP: 3/3
  1953 | D:4      | Reached skill level 4 in Axes
  1965 | D:4      | Found Cafeac's Elemental Accessories.
  2092 | D:4      | Found a staircase to the Ecumenical Temple.
  2111 | Temple   | Entered the Ecumenical Temple
  2157 | D:4      | Reached XP level 5. HP: 47/47 MP: 4/4
  2658 | D:4      | Found a shimmering blue altar of Sif Muna.
  2692 | D:4      | Reached skill level 5 in Axes
  2708 | D:4      | Reached XP level 6. HP: 29/55 MP: 5/5
  2949 | D:5      | Entered Level 5 of the Dungeon
  3816 | D:5      | Reached skill level 6 in Axes
  4110 | D:6      | Reached XP level 7. HP: 60/61 MP: 6/6
  4117 | D:6      | Found an opulent altar of Gozag.
  4185 | D:6      | Noticed Maggie
  4196 | D:6      | Killed Maggie
  4197 | D:6      | Reached skill level 7 in Axes
  4208 | D:6      | Reached XP level 8. HP: 48/70 MP: 7/7
  4371 | D:6      | Noticed Prince Ribbit
  4398 | D:6      | Killed Prince Ribbit
  4399 | D:6      | Reached skill level 8 in Axes
  4750 | D:6      | Found a snail-covered altar of Cheibriados.
  4750 | D:6      | Found a glowing silver altar of Zin.
  4754 | D:6      | Found a hide-covered altar of Uskayaw.
  4873 | D:6      | Noticed Pikel
  4881 | D:6      | Killed Pikel
  4882 | D:6      | Reached skill level 9 in Axes
  4882 | D:6      | Reached XP level 9. HP: 57/79 MP: 8/8
  5097 | D:6      | Noticed Blork the orc
  5104 | D:6      | Killed Blork the orc
  5164 | D:6      | Found a sparkling altar of Nemelex Xobeh.
  5505 | D:7      | Found Heafeana's Weapon Shoppe.
  5627 | D:7      | Reached skill level 10 in Axes
  5836 | D:7      | Found a shimmering altar of Xom.
  6744 | D:8      | Found a blossoming altar of Fedhas.
  6746 | D:8      | Found a basalt altar of Yredelemnul.
  6746 | D:8      | Found a burning altar of Makhleb.
  7214 | D:8      | Found a staircase to the Lair.
  7224 | D:8      | Reached skill level 11 in Axes
  7710 | D:9      | Noticed a troll
  7804 | D:9      | Reached XP level 10. HP: 35/90 MP: 9/9
  8370 | D:9      | Killed from afar by a vampire

Illustrated notes

Levels and vault maps discovered:
D:1:      dpeg_arrival_lava_temple_mockup, layout_basic
D:2:      layout_basic, serial_shops, nicolae_shop_just_a_little_nook
D:3:      layout_loops_ring, serial_shops, nicolae_square_shop,
          minmay_liquid_box, minmay_misc_feat_iff
D:4:      layout_loops_cross, kennysheep_orc_sif_temple,
          minmay_temple_entry_antechambers, grunt_decor_junction,
          hangedman_decor_points, nicolae_elemental_shop
D:5:      layout_layer_cave
D:6:      layout_basic, nicolae_overflow_hidden_temple,
          nicolae_overflow_quartered_altars, small_statue_alley_b,
          kennysheep_potato, uniq_prince_ribbit1, uniq_blork_the_orc,
          uniq_maggie, uniq_pikel
D:7:      layout_basic, general_overflow_altar, serial_shops,
          nicolae_shop_bloodbath_and_beyond, kennysheep_cross_room
D:8:      nicolae_cairo_tiling_large, layout_gridville,
          grunt_temple_overflow_open, lair_entry_dummy
D:9:      layout_rooms, ebering_ghost_gozag
Temple:   nicolae_temple_no_exploring_needed

Skill      XL: |  1  2  3  4  5  6  7  8  9 |
---------------+----------------------------+-----
Axes           | 3 4 5 6 7 9 11 | 11.5
Fighting       | 4 5 6 7 8 |  8.8
Armour         | 4 5 6 7 8 |  8.8
Shields        | 4 5 6 7 8 |  8.8

Action                     |  1- 3 |  4- 6 |  7- 9 | 10-12 || total
---------------------------+-------+-------+-------+-------++-------
  Melee: War axe           |    76 |   122 |   283 |    33 ||   514
         Headbutt          |    15 |    19 |    57 |     6 ||    97
    Use: Scroll            |       |     8 |     2 |       ||    10
         Potion            |       |       |     1 |     1 ||     2
 Armour: Scale mail        |    50 |   113 |   212 |       ||   375
         Plate armour      |       |       |    43 |    68 ||   111
  Dodge: Dodged            |    30 |    52 |   120 |    12 ||   214
  Block: Buckler           |    18 |    30 |   103 |     6 ||   157
